| TOP OF THE 1ST |
|
Charleston RiverDogs batting - Pitching for Lexington Legends : RHP Billy Emerson
|
|
Pitching: RHP Billy Emerson
|
|
|
Batting: LHB Marc Durgin
|
0-0: Ball 1-0: Foul Ball, location: 2F 1-1: SINGLE (Groundball, 4MD, EV 100.0 MPH)
|
|
Batting: LHB Dale Anderson
|
0-0: Swinging Strike 0-1: Ball 1-1: Foul Ball, location: 2F 1-2: Strikes out swinging
|
|
Batting: RHB Iften Olujimi
|
Pickoff Throw to First - Out! 1-3 0-0: Foul Ball, location: 2F 0-1: Ball 1-1: Ball 2-1: Ground out 6-3 (Groundball, 6, EV 102.5 MPH)
|
| Top of the 1st over - 0 runs, 1 hit, 0 errors, 0 left on base; Charleston 0 - Lexington 0 |
| BOTTOM OF THE 1ST |
|
Lexington Legends batting - Pitching for Charleston RiverDogs : LHP Jessie Neal
|
|
Pitching: LHP Jessie Neal
|
|
|
Batting: RHB Mike Bearden
|
0-0: Ball 1-0: Ball 2-0: Fly out, F4 (Line Drive, 4M, EV 65.6 MPH)
|
|
Batting: LHB Shohei Nishi
|
0-0: Called Strike 0-1: Ball 1-1: Ball 2-1: SINGLE (Groundball, 4MD, EV 100.0 MPH)
|
|
Batting: RHB Jonas Fernandez
|
0-0: Ball 1-0: Called Strike 1-1: Swinging Strike 1-2: DOUBLE (Flyball, 8RXD, EV 93.8 MPH) Shohei Nishi to third Runner from 3rd tries for Home, SAFE, throw by CF to trailing runner, SAFE at third!
|
|
Batting: LHB Joe Cozart
|
0-0: Fly out, F7 (Flyball, 7S, EV 83.8 MPH)
|
|
Batting: LHB Mike Bhatti
|
0-0: Ground out 4-3 (Groundball, 4S, EV 83.1 MPH)
|
| Bottom of the 1st over - 1 run, 2 hits, 0 errors, 1 left on base; Charleston 0 - Lexington 1 |
| TOP OF THE 2ND |
|
Charleston RiverDogs batting - Pitching for Lexington Legends : RHP Billy Emerson
|
|
Batting: LHB Jeremiah Walker
|
0-0: Ball 1-0: Ball 2-0: Ball 3-0: Base on Balls
|
|
Batting: RHB Mike Zern
|
0-0: Called Strike 0-1: Ball 1-1: Called Strike 1-2: Fielders Choice at 2nd, 5-4 (Groundball, 56, EV 102.5 MPH)
|
|
Batting: RHB Bill Nguyen-Tan
|
0-0: Swinging Strike 0-1: Swinging Strike 0-2: Ball 1-2: Strikes out swinging
|
|
Batting: RHB Michael Patterson
|
0-0: Ball 1-0: Foul Ball, location: 2F 1-1: Foul Ball, location: 2F 1-2: Foul Ball, location: 2F 1-2: Ball 2-2: Foul Ball, location: 2F 2-2: Ball 3-2: Fly out, F3 (Popup, 3SF, EV 85.6 MPH)
|
| Top of the 2nd over - 0 runs, 0 hits, 0 errors, 1 left on base; Charleston 0 - Lexington 1 |
| BOTTOM OF THE 2ND |
|
Lexington Legends batting - Pitching for Charleston RiverDogs : LHP Jessie Neal
|
|
Batting: RHB Chance Argy
|
0-0: Foul Ball, location: 2F 0-1: Ball 1-1: Ground out 4-3 (Groundball, 4M, EV 108.8 MPH)
|
|
Batting: SHB Danny Ballenger
|
0-0: Ball 1-0: Ground out 6-3 (Groundball, 4M, EV 106.2 MPH)
|
|
Batting: LHB David Bearden
|
0-0: SOLO HOME RUN (Flyball, 89XD, EV 104.4 MPH), Distance : 409 ft
|
|
Batting: LHB Vicente Hernandez
|
0-0: Swinging Strike 0-1: Swinging Strike 0-2: Ball 1-2: Foul Ball, location: 2F 1-2: Ball 2-2: Strikes out swinging
|
| Bottom of the 2nd over - 1 run, 1 hit, 0 errors, 0 left on base; Charleston 0 - Lexington 2 |
| TOP OF THE 3RD |
|
Charleston RiverDogs batting - Pitching for Lexington Legends : RHP Billy Emerson
|
|
Batting: RHB Matt Alderson
|
0-0: Ball 1-0: Ball 2-0: Ball 3-0: Called Strike 3-1: Base on Balls
|
|
Batting: RHB Louwe Starmans
|
0-0: Called Strike 0-1: Ball 1-1: Ball 2-1: Foul Ball, location: 2F 2-2: Fly out, F3 (Line Drive, 3L, EV 76.9 MPH) Lined into DP, U3 (Line Drive, 3L, EV 76.2 MPH)
|
|
Batting: LHB Marc Durgin
|
0-0: Ball 1-0: Foul Ball, location: 2F 1-1: Swinging Strike 1-2: Ball 2-2: Strikes out swinging
|
| Top of the 3rd over - 0 runs, 0 hits, 0 errors, 0 left on base; Charleston 0 - Lexington 2 |
| BOTTOM OF THE 3RD |
|
Lexington Legends batting - Pitching for Charleston RiverDogs : LHP Jessie Neal
|
|
Batting: RHB Mike Bearden
|
0-0: Ball 1-0: Ball 2-0: Swinging Strike 2-1: DOUBLE (Line Drive, 78XD, EV 103.1 MPH)
|
|
Batting: LHB Shohei Nishi
|
0-0: Ball 1-0: Called Strike 1-1: Foul Ball, location: 2F 1-2: Ground out 4-3 (Groundball, 34, EV 90.6 MPH) Mike Bearden to third
|
|
Batting: RHB Jonas Fernandez
|
0-0: Ball 1-0: Called Strike 1-1: Called Strike 1-2: Foul Ball, location: 2F 1-2: Ball 2-2: Ball Balk! Mike Bearden scores 3-2: Fly out, F6 (Popup, 6M, EV 55.6 MPH)
|
|
Batting: LHB Joe Cozart
|
0-0: Ball 1-0: Called Strike 1-1: Ball 2-1: Ball 3-1: Ground out 1-3 (Groundball, 34S, EV 66.9 MPH)
|
| Bottom of the 3rd over - 1 run, 1 hit, 0 errors, 0 left on base; Charleston 0 - Lexington 3 |
| TOP OF THE 4TH |
|
Charleston RiverDogs batting - Pitching for Lexington Legends : RHP Billy Emerson
|
|
Batting: LHB Dale Anderson
|
0-0: Ball 1-0: Ball 2-0: Foul Ball, location: 2F 2-1: Ball 3-1: Called Strike 3-2: DOUBLE (Flyball, 8RXD, EV 106.2 MPH)
|
|
Batting: RHB Iften Olujimi
|
0-0: Swinging Strike 0-1: Called Strike 0-2: Ball 1-2: Ball 2-2: Strikes out swinging
|
|
Batting: LHB Jeremiah Walker
|
0-0: Ball 1-0: Ground out 1-3 (Groundball, 13S, EV 70.6 MPH) Dale Anderson to third
|
|
Batting: RHB Mike Zern
|
0-0: Ball 1-0: Ball 2-0: Called Strike 2-1: Foul Ball, location: 2F 2-2: Foul Ball, location: 2F 2-2: Ball 3-2: Fly out, F7 (Flyball, 7LMF, EV 83.8 MPH)
|
| Top of the 4th over - 0 runs, 1 hit, 0 errors, 1 left on base; Charleston 0 - Lexington 3 |
| BOTTOM OF THE 4TH |
|
Lexington Legends batting - Pitching for Charleston RiverDogs : LHP Jessie Neal
|
|
Batting: LHB Mike Bhatti
|
0-0: Ball 1-0: Ball 2-0: Called Strike 2-1: Called Strike 2-2: Foul Ball, location: 2F 2-2: Foul Ball, location: 2F 2-2: Foul Ball, location: 2F 2-2: Strikes out swinging
|
|
Batting: RHB Chance Argy
|
0-0: Ball 1-0: Ball 2-0: Ground out 4-3 (Groundball, 4, EV 96.2 MPH)
|
|
Batting: SHB Danny Ballenger
|
0-0: Called Strike 0-1: Foul Ball, location: 2F 0-2: Ball 1-2: Foul Ball, location: 2F 1-2: Ball 2-2: Ball 3-2: Foul Ball, location: 2F 3-2: Base on Balls
|
|
Batting: LHB David Bearden
|
0-0: Called Strike 0-1: Ball 1-1: Swinging Strike 1-2: Foul Ball, location: 2F 1-2: Foul Ball, location: 2F 1-2: Strikes out looking
|
| Bottom of the 4th over - 0 runs, 0 hits, 0 errors, 1 left on base; Charleston 0 - Lexington 3 |
| TOP OF THE 5TH |
|
Charleston RiverDogs batting - Pitching for Lexington Legends : RHP Billy Emerson
|
|
Batting: RHB Bill Nguyen-Tan
|
0-0: Called Strike 0-1: Ball 1-1: Ball 2-1: Ball 3-1: Swinging Strike 3-2: Reached on error, E6 (Groundball, 6, EV 76.2 MPH)
|
|
Batting: RHB Michael Patterson
|
0-0: Ball 1-0: Fly out, F8 (Flyball, 78M, EV 96.2 MPH)
|
|
Batting: RHB Matt Alderson
|
0-0: Called Strike Bill Nguyen-Tan steals 2nd, throwing error, E2 Bill Nguyen-Tan to third 0-1: Ball 1-1: 2-RUN HOME RUN (Line Drive, 78XD, EV 113.1 MPH), Distance : 424 ft
|
|
Batting: RHB Louwe Starmans
|
0-0: Foul Ball, location: 2F 0-1: Swinging Strike 0-2: Ball 1-2: SINGLE (Groundball, 56D, EV 105.0 MPH)
|
|
Pitching: RHP Danny Zuniga
|
|
|
Batting: LHB Marc Durgin
|
0-0: Called Strike 0-1: Ball 1-1: Foul Ball, location: 2F 1-2: Ball 2-2: Ball 3-2: DOUBLE (Groundball, 5L, EV 102.5 MPH) Louwe Starmans to third Runner from 3rd tries for Home, SAFE, no throw by LF
|
|
Batting: LHB Dale Anderson
|
0-0: Ball Marc Durgin is caught stealing 3rd base 2-5 1-0: Called Strike 1-1: Ball 2-1: Ball 3-1: SINGLE (Groundball, 4D, EV 98.8 MPH)
|
|
Batting: RHB Iften Olujimi
|
0-0: Ball 1-0: Ball 2-0: Called Strike 2-1: Called Strike 2-2: Foul Ball, location: 2F 2-2: Foul Ball, location: 2F 2-2: Ball 3-2: Strikes out looking
|
| Top of the 5th over - 3 runs, 4 hits, 2 errors, 1 left on base; Charleston 3 - Lexington 3 |
| BOTTOM OF THE 5TH |
|
Lexington Legends batting - Pitching for Charleston RiverDogs : LHP Jessie Neal
|
|
Batting: LHB Vicente Hernandez
|
0-0: Called Strike 0-1: Ball 1-1: Called Strike 1-2: Strikes out looking
|
|
Pitching: LHP Alex Pulido
|
|
|
Batting: RHB Mike Bearden
|
0-0: Ground out 1-3 (Groundball, 34S, EV 67.5 MPH)
|
|
Batting: LHB Shohei Nishi
|
0-0: Called Strike 0-1: Ball 1-1: Ball 2-1: Foul Ball, location: 2F 2-2: Ball 3-2: Foul Ball, location: 2F 3-2: Foul Ball, location: 2F 3-2: Strikes out swinging
|
| Bottom of the 5th over - 0 runs, 0 hits, 0 errors, 0 left on base; Charleston 3 - Lexington 3 |
| TOP OF THE 6TH |
|
Charleston RiverDogs batting - Pitching for Lexington Legends : RHP Danny Zuniga
|
|
Batting: LHB Jeremiah Walker
|
0-0: Foul Ball, location: 2F 0-1: Called Strike 0-2: SOLO HOME RUN (Flyball, 9D, EV 98.8 MPH), Distance : 362 ft
|
|
Batting: RHB Mike Zern
|
0-0: Ball 1-0: Ball 2-0: Called Strike 2-1: Called Strike 2-2: Ground out 4-3 (Groundball, 4S, EV 63.1 MPH)
|
|
Pitching: RHP Kolenka Leschenya
|
|
|
Batting: RHB Bill Nguyen-Tan
|
0-0: Ball 1-0: Called Strike 1-1: Ball 2-1: Ball 3-1: Base on Balls
|
|
Batting: RHB Michael Patterson
|
0-0: Called Strike Bill Nguyen-Tan steals 2nd, throwing error, E2 Bill Nguyen-Tan to third 0-1: Ball 1-1: Ball 2-1: Called Strike 2-2: Foul Ball, location: 2F 2-2: Fly out, F9 (Flyball, 89D, EV 110.0 MPH) Runner from 3rd tags up, SCORES, throw by RF
|
|
Batting: RHB Matt Alderson
|
0-0: Ball 1-0: Reached on error, E5 (Groundball, 56, EV 81.2 MPH)
|
|
Batting: RHB Louwe Starmans
|
0-0: Ball 1-0: Called Strike Matt Alderson steals 2nd base 1-1: Swinging Strike 1-2: Foul Ball, location: 2F 1-2: Strikes out swinging
|
| Top of the 6th over - 2 runs, 1 hit, 2 errors, 1 left on base; Charleston 5 - Lexington 3 |
| BOTTOM OF THE 6TH |
|
Lexington Legends batting - Pitching for Charleston RiverDogs : LHP Alex Pulido
|
|
Batting: RHB Jonas Fernandez
|
0-0: SOLO HOME RUN (Flyball, 7LD, EV 90.0 MPH), Distance : 335 ft
|
|
Batting: LHB Joe Cozart
|
0-0: Ball 1-0: Called Strike 1-1: Foul Ball, location: 2F 1-2: Strikes out looking
|
|
Batting: LHB Mike Bhatti
|
0-0: Ball 1-0: Swinging Strike 1-1: Ground out U3 (Groundball, 3, EV 85.0 MPH)
|
|
Batting: RHB Chance Argy
|
0-0: Ground out 3-1 (Groundball, 34, EV 80.6 MPH)
|
| Bottom of the 6th over - 1 run, 1 hit, 0 errors, 0 left on base; Charleston 5 - Lexington 4 |
| TOP OF THE 7TH |
|
Charleston RiverDogs batting - Pitching for Lexington Legends : RHP Kolenka Leschenya
|
|
Pitching: LHP Ken Milhouse
|
|
|
Batting: LHB Marc Durgin
|
0-0: Ball 1-0: Foul Ball, location: 2F 1-1: Called Strike 1-2: Ball 2-2: Ball 3-2: Base on Balls
|
|
Batting: LHB Dale Anderson
|
0-0: Called Strike Marc Durgin is caught stealing 2nd base 2-6 0-1: Swinging Strike 0-2: Ball 1-2: Ball 2-2: Ball 3-2: Strikes out swinging
|
|
Pitching: RHP Josh Rutledge
|
|
|
Batting: RHB Iften Olujimi
|
0-0: Called Strike 0-1: Fly out, F3 (Popup, 3D, EV 76.2 MPH)
|
| Top of the 7th over - 0 runs, 0 hits, 0 errors, 0 left on base; Charleston 5 - Lexington 4 |
| BOTTOM OF THE 7TH |
|
Lexington Legends batting - Pitching for Charleston RiverDogs : LHP Alex Pulido
|
|
Pitching: RHP Willie Perez
|
|
|
Now in LF: John Sprenkel
|
|
|
Now in RF: Bill Nguyen-Tan
|
|
|
Batting: SHB Danny Ballenger
|
0-0: SINGLE (Groundball, 3D, EV 96.2 MPH)
|
|
Batting: LHB David Bearden
|
0-0: Ball 1-0: Swinging Strike 1-1: Sac Bunt to 15S - play at first, batter OUT! 1-3 Danny Ballenger to second
|
|
Batting: LHB Vicente Hernandez
|
0-0: Ground out 3-1 (Groundball, 34S, EV 82.5 MPH) Danny Ballenger to third
|
|
Batting: RHB Mike Bearden
|
0-0: Ground out 4-3 (Groundball, 34, EV 94.4 MPH)
|
| Bottom of the 7th over - 0 runs, 1 hit, 0 errors, 1 left on base; Charleston 5 - Lexington 4 |
| TOP OF THE 8TH |
|
Charleston RiverDogs batting - Pitching for Lexington Legends : RHP Josh Rutledge
|
|
Batting: LHB Jeremiah Walker
|
0-0: Called Strike 0-1: Ball 1-1: Ball 2-1: Ball 3-1: Called Strike 3-2: Ground out 4-3 (Groundball, 4, EV 109.4 MPH)
|
|
Batting: RHB Mike Zern
|
0-0: Ball 1-0: Foul Ball, location: 2F 1-1: Fly out, F9 (Flyball, 89D, EV 87.5 MPH)
|
|
Batting: RHB Bill Nguyen-Tan
|
0-0: Ball 1-0: Foul Ball, location: 2F 1-1: Ball 2-1: Foul Ball, location: 2F 2-2: Strikes out swinging
|
| Top of the 8th over - 0 runs, 0 hits, 0 errors, 0 left on base; Charleston 5 - Lexington 4 |
| BOTTOM OF THE 8TH |
|
Lexington Legends batting - Pitching for Charleston RiverDogs : RHP Willie Perez
|
|
Batting: LHB Shohei Nishi
|
0-0: Ball 1-0: Ball 2-0: Called Strike 2-1: Called Strike 2-2: Ball 3-2: Foul Ball, location: 2F 3-2: Foul Ball, location: 2F 3-2: Foul Ball, location: 2F 3-2: Strikes out swinging
|
|
Batting: RHB Jonas Fernandez
|
0-0: Swinging Strike 0-1: Ball 1-1: Ball 2-1: Ground out U3 (Groundball, 3S, EV 74.4 MPH)
|
|
Batting: LHB Joe Cozart
|
0-0: Ball 1-0: Ball 2-0: Called Strike 2-1: Ground out 4-3 (Groundball, 34, EV 106.2 MPH)
|
| Bottom of the 8th over - 0 runs, 0 hits, 0 errors, 0 left on base; Charleston 5 - Lexington 4 |
| TOP OF THE 9TH |
|
Charleston RiverDogs batting - Pitching for Lexington Legends : RHP Josh Rutledge
|
|
Pitching: RHP Bryan Kiefer
|
|
|
Pinch Hitting: LHB Ernesto Abreu
|
0-0: Ground out 6-3 (Groundball, 6M, EV 85.0 MPH)
|
|
Batting: RHB Matt Alderson
|
0-0: Called Strike 0-1: Swinging Strike 0-2: Ground out 6-3 (Groundball, 6, EV 78.1 MPH)
|
|
Batting: RHB Louwe Starmans
|
0-0: Called Strike 0-1: Ground out 6-3 (Groundball, 6, EV 93.1 MPH)
|
| Top of the 9th over - 0 runs, 0 hits, 0 errors, 0 left on base; Charleston 5 - Lexington 4 |
| BOTTOM OF THE 9TH |
|
Lexington Legends batting - Pitching for Charleston RiverDogs : RHP Willie Perez
|
|
Pitching: RHP Bobby McDonnell
|
|
|
Now at SS: Nate Singleton
|
|
|
Batting: LHB Mike Bhatti
|
0-0: Called Strike 0-1: Ball 1-1: Swinging Strike 1-2: Strikes out swinging
|
|
Batting: RHB Chance Argy
|
0-0: Called Strike 0-1: Ball 1-1: Foul Ball, location: 2F 1-2: Strikes out swinging
|
|
Batting: SHB Danny Ballenger
|
0-0: Ball 1-0: Called Strike 1-1: Foul Ball, location: 2F 1-2: Ground out U3 (Groundball, 3, EV 83.1 MPH)
|
| Bottom of the 9th over - 0 runs, 0 hits, 0 errors, 0 left on base; Charleston 5 - Lexington 4 |
|